 Dungeon Crawl Stone Soup version 0.27-a0-463-gec7707c53d (webtiles) character file.

Game seed: 6253841607843428890

625501 juan097 the Slayer (level 25, -4/238 HPs)
             Began as a Demigod Brigand on Feb 24, 2021.
             Slain by an Orb Guardian (7 damage)
             ... on level 5 of the Realm of Zot on Mar 1, 2021.
             The game lasted 08:37:03 (77914 turns).

juan097 the Slayer (Demigod Brigand)               Turns: 77914, Time: 08:37:04

Health: -4/238     AC: 44    Str: 52 (54) XL:     25   Next: 81%
Magic:  33/33      EV: 21    Int:  8      God:
Gold:   6500       SH:  0    Dex: 16      Spells: 17/32 levels left

rFire    + + .     SeeInvis .   b - +9 longbow (flame)
rCold    + . .     Faith    .   (shield currently unavailable)
rNeg     + . .     Spirit   .   f - +12 crystal plate armour of Freedom {Str+6}
rPois    +         Reflect  .   c - +1 helmet of Indecent Exposure {rPois Str+4 Dex-3}
rElec    +         Harm     .   y - +2 cloak of Meux {Str+4}
rCorr    +         Rampage  .   B - +2 pair of gloves {Stlth+}
Will     +++..                  e - +2 pair of boots {Stlth+}
Stlth    ..........             E - amulet of the Air {Inacc +Fly rElec EV+5 RMsl}
HPRegen  0.00/turn              C - ring of Tempters {rN+ Will+ Str+6 Int-3}
MPRegen  0.23/turn              n - ring of protection from fire

@: mighty, resistant, hasted, studying Ice Magic, repel missiles, very quick
A: blurry vision 2, clumsy 2, deformed body, dopey 1, high mp 1, inhibited
regeneration, weak 1, subdued magic 1
}: 3/15 runes: decaying, serpentine, silver
a: Evoke Flight


You were on level 5 of the Realm of Zot.
You visited 8 branches of the dungeon, and saw 46 of its levels.
You visited 1 bazaar.
You also visited: Ossuary, Wizlab and Desolation.

You collected 10706 gold pieces.
You spent 4206 gold pieces at shops.

Inventory:

Hand Weapons
 a - the +7 pair of quick blades "Gyre" and "Gimble" {protect}
   (You found it on level 4 of the Dungeon)

   It grants its wielder temporary protection when it strikes (+7 to AC).
 b - a +9 longbow of flaming (weapon)
 K - the +9 sword of Zonguldrok {reap}
   (You took it off a ragged hierophant in the Desolation of Salt)

   If a monster killed with it leaves a corpse in good enough shape, the corpse
   is reanimated as a zombie friendly to the killer.
 T - the +10 zealot's sword {holy, *Rage rN+ EV+3}
   (You took it off an ogre mage on level 4 of the Vaults)

   It has been blessed by the Shining One to cause great damage to the undead
   and demons.
   It affects your evasion (+3).
   It protects you from negative energy.
   It may make you go berserk in combat.
Missiles
 F - 12 atropa-tipped darts
 N - 867 arrows (quivered ammo)
 S - 5 curare-tipped darts
 Z - 7 datura-tipped darts
Armour
 c - the +1 helmet of Indecent Exposure (worn) {rPois Str+4 Dex-3}
   (You bought it in a shop on level 3 of the Snake Pit)

   It affects your strength (+4).
   It affects your dexterity (-3).
   It protects you from poison.
 e - a +2 pair of boots of stealth (worn)
 f - the +12 crystal plate armour of Freedom (worn) {Str+6}
   (You acquired it on level 4 of the Vaults)

   It affects your strength (+6).
 y - the +2 cloak of Meux (worn) {Str+4}
   (You found it on level 1 of the Vaults)

   It affects your strength (+4).
 B - a +2 pair of gloves of stealth (worn)
Jewellery
 j - the amulet of Fiblidul {RegenMP rPois Will++ Int+4}
   (You took it off a deep elf death mage on level 5 of the Depths)

   [amulet of magic regeneration]

   It increases your magic regeneration.
   It affects your intelligence (+4).
   It protects you from poison.
   It affects your willpower, your defense against some magical effects.
 k - a ring of protection from cold
 n - a ring of protection from fire (right hand)
 z - a ring of willpower
 A - a ring of resist corrosion
 C - the ring of Tempters (left hand) {rN+ Will+ Str+6 Int-3}
   (You found it in the Desolation of Salt)

   [ring of strength]

   It affects your strength (+6).
   It affects your intelligence (-3).
   It protects you from negative energy.
   It affects your willpower, your defense against some magical effects.
 E - the amulet of the Air (around neck) {Inacc +Fly rElec EV+5 RMsl}
   (You took it off an orc knight on level 1 of the Vaults)

   [amulet of nothing]

   It affects your evasion (+5).
   It insulates you from electricity.
   It lets you fly.
   It protects you from missiles.
 I - the ring "Bixi" {rN++ AC+4 Str+7 Slay+3}
   (You took it off a ragged hierophant in the Desolation of Salt)

   [ring of protection]

   It affects your AC (+4).
   It affects your strength (+7).
   It affects your accuracy and damage with ranged weapons and melee attacks
   (+3).
   It greatly protects you from negative energy.
 P - a ring of see invisible
Wands
 l - a wand of digging (19)
 U - a wand of acid (3)
Scrolls
 d - 18 scrolls of identify
 g - 3 scrolls of enchant weapon
 h - 17 scrolls of teleportation
 m - 13 scrolls of fear
 r - 5 scrolls of magic mapping
 t - 2 scrolls of enchant armour
 v - 10 scrolls of immolation
 x - 4 scrolls of holy word
 H - 4 scrolls of blinking
 J - 3 scrolls of summoning
 R - 8 scrolls of fog
 V - a scroll of silence
Potions
 i - 3 potions of might
 p - 2 potions of invisibility
 q - 19 potions of curing
 s - 2 potions of resistance
 u - 4 potions of attraction
 w - 5 potions of haste
 D - 10 potions of cancellation
 L - 5 potions of heal wounds
 O - a potion of magic
 Q - 5 potions of berserk rage
 W - 5 potions of flight
Miscellaneous
 o - a condenser vane
 G - a phial of floods
 M - a phantom mirror


   Skills:
 - Level 22.0 Fighting
 - Level 8.0(12.6) Short Blades
 - Level 15.3(16.0) Long Blades
 - Level 20.0 Bows
 - Level 10.0 Throwing
 - Level 18.0 Armour
 + Level 11.7 Dodging
 - Level 10.0 Stealth
 - Level 3.1 Shields
 - Level 4.0 Spellcasting
 - Level 8.0 Hexes
 - Level 14.0 Translocations
 - Level 7.1 Air Magic
 - Level 8.0 Evocations


You had 17 spell levels left.
You knew the following spells:

 Your Spells              Type           Power        Failure   Level
a - Swiftness             Air            10%          9%          2
b - Apportation           Tloc           36%          1%          1
c - Blink                 Tloc           N/A          1%          2
d - Gell's Gravitas       Tloc           9%           1%          3
e - Passage of Golubria   Tloc           N/A          3%          4
f - Portal Projectile     Hex/Tloc       28%          3%          3

Your spell library contained the following spells:

 Spells                   Type           Power        Failure   Level
 Lesser Beckoning         Tloc           9%           1%          3
 Teleport Other           Tloc           18%          1%          3
 Corona                   Hex            12%          3%          1
 Manifold Assault         Tloc           18%          3%          4
 Slow                     Hex            11%          5%          2
 Shock                    Conj/Air       20%          26%         1
 Corpse Rot               Necr/Air       N/A          36%         2
 Poisonous Vapours        Pois/Air       10%          36%         2
 Cause Fear               Hex            5%           38%         4
 Dispersal                Tloc           9%           47%         6
 Airstrike                Air            5%           52%         4
 Inner Flame              Hex/Fire       6%           54%         3
 Static Discharge         Conj/Air       5%           61%         3
 Animate Skeleton         Necr           2%           73%         1
 Beastly Appendage        Tmut           2%           73%         1
 Foxfire                  Conj/Fire      4%           73%         1
 Magic Dart               Conj           4%           73%         1
 Pain                     Necr           4%           73%         1
 Sting                    Tmut/Pois      4%           73%         1
 Summon Small Mammal      Summ           4%           73%         1
 Mephitic Cloud           Conj/Pois/Air  4%           78%         3
 Silence                  Hex/Air        5%           82%         5
 Call Imp                 Summ           1%           86%         2
 Sublimation of Blood     Necr           0%           86%         2
 Wereblood                Tmut           1%           86%         2
 Leda's Liquefaction      Hex/Erth       3%           92%         4
 Summon Lightning Spire   Summ/Air       5%           95%         4
 Conjure Flame            Conj/Fire      1%           98%         3
 Ignite Poison            Fire/Tmut/Pois 1%           98%         3
 Spider Form              Tmut/Pois      0%           98%         3
 Vampiric Draining        Necr           0%           98%         3
 Animate Dead             Necr           0%           100%        4
 Ice Form                 Ice/Tmut       1%           100%        4
 Olgreb's Toxic Radiance  Pois           1%           100%        4
 Petrify                  Tmut/Erth      1%           100%        4
 Sticky Flame             Conj/Fire      1%           100%        4
 Agony                    Necr           1%           100%        5
 Alistair's Intoxication  Tmut/Pois      0%           100%        5
 Blade Hands              Tmut           0%           100%        5
 Fireball                 Conj/Fire      0%           100%        5
 Irradiate                Conj/Tmut      0%           100%        5
 Lightning Bolt           Conj/Air       2%           100%        5
 Conjure Ball Lightning   Conj/Air       2%           100%        6
 Death Channel            Necr           0%           100%        6
 Eringya's Noxious Bog    Tmut/Pois      0%           100%        6
 Freezing Cloud           Conj/Ice/Air   2%           100%        6
 Starburst                Conj/Fire      0%           100%        6
 Haunt                    Necr/Summ      0%           100%        7
 Malign Gateway           Summ/Tloc      4%           100%        7
 Monstrous Menagerie      Summ           0%           100%        7
 Chain Lightning          Conj/Air       2%           100%        8
 Disjunction              Tloc           9%           100%        8
 Ignition                 Fire           0%           100%        8
 Lehudib's Crystal Spear  Conj/Erth      0%           100%        8
 Summon Horrible Things   Summ           0%           100%        8
 Absolute Zero            Ice            0%           100%        9
 Fire Storm               Conj/Fire      0%           100%        9
 Shatter                  Erth           0%           100%        9
 Tornado                  Air            5%           100%        9


Dungeon Overview and Level Annotations

Branches:
Dungeon (15/15)            Temple (0/1) D:7            Lair (6/6) D:10
  Swamp (4/4) Lair:2        Snake (4/4) Lair:3        Slime (0/5) Lair:5
    Orc (2/2) D:10            Elf (0/3) Orc:2        Vaults (5/5) D:14
  Crypt (0/3) Vaults:3     Depths (5/5) D:15            Zot (5/5) Depths:5
Ossuary (visited)          WizLab (visited)         Desolation (visited)

Shops:
D:15 (   Orc:2 ?(*:   Snake:1 (:*   Snake:2 :==   Snake:3 **   Vaults:2 (
Vaults:4 (   Depths:2 [**[

Portals:
Hell: Depths:1 Depths:2 Depths:3 Depths:4 Depths:5
Abyss: Swamp:2 Depths:1 Depths:4
Pandemonium: Orc:2 Depths:1 Depths:3 Depths:4 Depths:5
Ziggurat: Depths:2

Annotations:
Swamp:2 exclusion: obsidian statue
Vaults:2 Mennas
Zot:5 3 runed translucent doors, exclusion: obsidian statue, Deosheoh's ghost, master PaBe; Rir Ukk's ghost, legendary HOMo; ardl's ghost, legendary PaTm


Innate Abilities, Weirdness & Mutations

You have an increased reservoir of magic. (+10% MP)
Scrolls take you longer to read.
You are very clumsy. (Dex -4)
Armour fits poorly on your strangely shaped body.
You are dopey. (Int -2)
You do not regenerate when monsters are visible.
You are weak. (Str -2)
Your spells are a little easier to cast, but a little less powerful.


Message History

Unknown command.
Really read with blurry vision while enemies are nearby?
The Orb Guardian hits you!!
* * * LOW HITPOINT WARNING * * *
You begin reading the scroll.
You continue reading the scroll.
Magic restored.
The Orb Guardian barely misses you.
Blink to where?
Press: ? - help, Dir - move target
As you read the scroll of blinking, it crumbles to dust.
Found a wand of digging (5).
A purple draconian, an obsidian statue and a dread lich come into view.
The purple draconian is wielding a +0 long sword of protection.
Really read with blurry vision while enemies are nearby?
The dread lich shouts!
The purple draconian roars!
Marking area around an obsidian statue as unsafe for travelling.
You begin reading the scroll.
You continue reading the scroll.
The obsidian statue slips into the dungeon's darkness for a moment.
The obsidian statue's eyes glow briefly.
The orb of fire glows yellow.
Strange energies course through your body.
You feel clumsy.
The storm dragon breathes lightning at you.
The bolt of lightning hits you! You resist.
* * * LOW HITPOINT WARNING * * *
The storm dragon enters a dispersal trap!
The purple draconian blinks!
The dread lich blinks!
The Killer Klown blinks!
The Orb Guardian blinks! x2; The orb of fire blinks!
The electric golem blinks!
The black draconian blinks!
The orb of fire blinks!
You blink.
The storm dragon blinks!
The Killer Klown blinks!
You hear a roar!
Blink to where?
Press: ? - help, Dir - move target
As you read the scroll of blinking, it crumbles to dust.
An Orb Guardian, 2 yellow draconians, a purple draconian and a white draconian come into view.
A yellow draconian is wielding a +2 hand axe of freezing.
Really read with blurry vision while enemies are nearby?
The rust devil screeches!
The yellow draconian roars!
The purple draconian roars!
You hear a deafening roar!
The Orb Guardian hits you!
You die...

# .... ......^ # . ...
4...^.. ## .. .d.
...4... .## ... ..
....... ..### (.... §.
.§....#
....##(.^...X.§.§.§D..#
##..^^..(...d.d§§./.^#
#▓▓▓▓▓▓▓▓▓▓▓##8@.§.▓
▓▓▓......§..§.X§..▓▓
....q.*..*X........▓▓
.......^.....§.d....▓
..................d..
........D§......d....
.........§§§§§§§§...▓
.......§.§§§§§§§§§.▓▓
...^....D§§§§§§§..▓▓


You could see 2 orbs of fire, 2 storm dragons, a black draconian, 2 draconians,
2 draconians, a white draconian, 3 Orb Guardians, an obsidian statue, an orange
demon (summoned) and a rust devil (summoned).

Vanquished Creatures
  2 dread liches
  An orb of fire (Depths:5)
  2 ancient liches
  A juggernaut (Depths:5)
  2 Killer Klowns
  the Lernaean hydra (Swamp:4)
  Saint Roka (Snake:2)
  2 curse toes
  A caustic shrike (Depths:2)
  9 golden dragons
  The ghost of Lidodu the Tortoise, an adept DDFi of Makhleb (Depths:5)
  The ghost of agentgt the Warrior, a veteran KoAK of Lugonu (Vaults:1)
  2 bone dragons
  A hellephant (Swamp:2)
  Rupert (Lair:4)
  Jorgrun (D:10)
  2 electric golems
  17 tentacled monstrosities
  A moon troll (WizLab)
  7 quicksilver dragons
  4 liches
  10 Orb Guardians (Zot:5)
  3 titans
  The ghost of Buem the Warrior, an adept OgAM of Yredelemnul (Swamp:2)
  12 tentacled starspawn
  7 sphinxes
  13 death cobs
  A thorn hunter (Swamp:2)
  18 storm dragons
  13 shadow dragons
  6 tengu reavers
  Donald (Vaults:2)
  3 draconian monks
  8 fire giants
  3 fenstrider witches
  A daeva (Depths:3)
  A deep elf sorcerer (Vaults:5)
  2 orc warlords
  7 draconian knights
  7 draconian scorchers
  9 nagarajas
  Louise (Depths:1)
  Aizul (Snake:2)
  The ghost of garrulousMonolith the Traitor, a journeyman DsFi of Yredelemnul (Swamp:1)
  An imperial myrmidon (Desolation)
  2 ghost moths
  17 vault wardens
  The ghost of littlecub the Fighter, a journeyman DsGl of Hepliaklqana (Snake:3)
  7 draconian shifters
  7 frost giants
  7 draconian annihilators
  2 deep elf elementalists
  A cacodemon (WizLab)
  2 draconian stormcallers
  14 ironheart preservers
  3 war gargoyles
  22 very ugly things
  A vampire knight (Depths:5)
  A deep elf demonologist (Vaults:4)
  26 stone giants
  11 black draconians
  Azrael (D:13)
  16 purple draconians
  2 deep elf annihilators (Vaults:5)
  11 red draconians
  8 starcursed masses (WizLab)
  A bunyip (shapeshifter) (Depths:5)
  A dire elephant (shapeshifter) (Zot:1)
  11 white draconians
  5 spark wasps
  16 green draconians
  2 halazid warlocks (Desolation)
  15 yellow draconians
  20 ettins
  7 deep elf death magi
  Josephine (D:14)
  5 crystal guardians
  3 eleionomae
  9 ragged hierophants (Desolation)
  9 great orbs of eyes
  2 jiangshi (Depths:5)
  12 fire dragons
  4 deep elf high priests
  7 servants of whispers (Desolation)
  11 yaktaur captains
  A spectral fenstrider witch (Swamp:1)
  2 shambling mangroves
  4 boulder beetles
  9 peacekeepers (Desolation)
  16 naga warriors
  A hell beast (Depths:1)
  30 vault guards
  A catoblepas (Lair:2)
  6 spriggan air magi
  9 ogre magi
  A rakshasa (Vaults:1)
  14 ice dragons
  3 ghost crabs
  23 hydras
  A juggernaut simulacrum (Depths:5)
  14 centaur warriors
  4 alligators
  Erica (D:11)
  17 anacondas
  28 two-headed ogres
  The ghost of Aqorghia the Cleaver, a novice DDWr of Makhleb (Lair:4)
  A hell hog (Swamp:2)
  3 death knights
  A dancing weapon (Vaults:4)
  9 death yaks
  5 deep troll earth magi (Depths:1)
  6 deep troll shamans
  6 tengu warriors
  2 two-headed ogres (shapeshifter)
  3 vampire magi (Depths:5)
  10 orc high priests
  Nergalle (Orc:1)
  4 spriggan berserkers
  19 naga sharpshooters
  11 shock serpents
  A soul eater (Depths:1)
  5 deep elf knights
  A sun demon (Orc:2)
  4 iron trolls
  5 hell knights
  3 spectral spriggans (Swamp:1)
  A wretched star (WizLab)
  A titan skeleton (Depths:1)
  7 salamander mystics
  5 skeletal warriors
  5 unseen horrors
  5 goliath frogs
  3 shadow wraiths
  A sea snake (Snake:1)
  A gelid demonspawn (Orc:2)
  An orange crystal statue (WizLab)
  15 swamp dragons
  22 deep trolls
  An obsidian statue (Depths:2)
  11 glowing orange brains
  An infernal demonspawn (Orc:2)
  5 naga ritualists
  7 bog bodies
  7 spriggan druids
  A deep elf archer (Vaults:1)
  6 flayed ghosts
  A torturous demonspawn (Orc:2)
  20 ironbrand convokers
  5 lindwurms
  5 deep elf pyromancers
  5 wizards
  A glowing orange brain (shapeshifter) (Depths:5)
  7 phantasmal warriors
  A sphinx zombie (Depths:1)
  5 necromancers
  23 orc knights
  4 harpies (Vaults:1)
  A lindwurm (shapeshifter) (Vaults:4)
  An orb spider (shapeshifter) (Vaults:1)
  8 orc sorcerers
  17 salamanders
  A wolf spider (shapeshifter) (Zot:1)
  A fenstrider witch simulacrum (Swamp:1)
  18 mana vipers
  2 wolf spiders
  5 will-o-the-wisps
  21 ugly things
  5 cyclopes
  4 deep elf zephyrmancers (Vaults:4)
  A salamander (shapeshifter) (Depths:5)
  2 worldbinders (Swamp:2)
  A manticore (shapeshifter) (Depths:2)
  35 black mambas
  5 elephants
  14 guardian serpents
  2 manticores
  23 moths of wrath
  2 rust devils
  4 eyes of devastation (WizLab)
  9 vault sentinels
  A guardian serpent (shapeshifter) (D:13)
  5 molten gargoyles
  2 centaur zombies
  A smoke demon (Orc:2)
  28 naga magi
  Joseph (D:7)
  A gargoyle (D:11)
  9 cane toads
  A torpor snail (Lair:4)
  2 hellions (Zot:4)
  9 apocalypse crabs (Depths:4)
  An orange demon (Orc:2)
  13 komodo dragons
  5 freezing wraiths
  61 yaktaurs
  A kobold demonologist (D:9)
  An efreet (Zot:4)
  7 rime drakes
  A spectral death drake (Swamp:1)
  2 meliai (D:13)
  A merfolk (shapeshifter) (Depths:4)
  8 trolls
  A meliai (shapeshifter) (Vaults:5)
  3 bloated husks
  A jumping spider (shapeshifter) (Vaults:5)
  53 saltlings (Desolation)
  7 hornets
  12 tyrant leeches
  3 polar bears
  3 guardian mummies (Zot:1)
  A raiju (shapeshifter) (Vaults:1)
  19 slime creatures
  2 dream sheep (Lair:4)
  A meliai zombie (D:12)
  4 blink frogs (Lair:3)
  A stone giant simulacrum (Vaults:1)
  2 spriggans (shapeshifter)
  A snapping turtle (shapeshifter) (Vaults:4)
  A tarantella (shapeshifter) (Depths:5)
  A spriggan skeleton (Depths:1)
  3 shadows (D:12)
  6 wraiths
  A ynoxinul (Orc:2)
  5 spriggans
  2 water elementals (Depths:4)
  37 yaks
  9 wyverns
  A human (shapeshifter) (Depths:2)
  A hog (shapeshifter) (D:14)
  2 steam dragons
  A catoblepas simulacrum (Lair:4)
  2 neqoxecs (WizLab)
  11 basilisks
  4 fire elementals
  3 golden eyes (WizLab)
  3 vampire mosquitoes
  A chaos spawn (Orc:2)
  Menkaure (D:7)
  44 nagas
  18 swamp worms
  10 wargs
  16 water moccasins
  A soldier ant (D:11)
  3 death drake simulacra (Swamp:1)
  An acid dragon (D:15)
  2 ogre zombies (Vaults:1)
  10 hell hounds
  A floating eye (Depths:3)
  59 orc warriors
  A meliai simulacrum (D:15)
  An ice beast (D:13)
  An eye of draining (D:15)
  A sky beast (shapeshifter) (Vaults:1)
  3 sky beasts
  8 swamp drakes
  2 eyes of draining (shapeshifter)
  43 ogres
  3 spriggan simulacra (Swamp:1)
  2 black bears (D:9)
  15 boggarts
  28 centaurs
  3 phantoms
  3 elf zombies (Ossuary)
  Blork the orc (D:5)
  3 kobold brigands (D:9)
  12 bullfrogs
  A wyvern zombie (D:8)
  2 cane toad simulacra (Lair:4)
  A glowing shapeshifter simulacrum (Vaults:1)
  A gnoll sergeant (D:6)
  6 scorpions
  A wyvern skeleton (D:12)
  15 killer bees
  23 wights
  2 electric eels
  A howler monkey (D:9)
  2 komodo dragon simulacra (Lair:4)
  A quasit (D:9)
  A bullfrog zombie (D:12)
  5 lava snakes (Lair:6)
  8 hounds
  5 human zombies
  2 jellies (Lair:5)
  2 centaur skeletons
  26 orc priests
  5 iguanas
  Terence (D:2)
  20 orc wizards
  16 worker ants
  A killer bee zombie (D:5)
  2 mummies (Ossuary)
  A worker ant zombie (D:6)
  A howler monkey skeleton (D:10)
  17 gnolls
  An adder (shapeshifter) (Vaults:5)
  10 adders
  A shadow imp (D:9)
  4 white imps
  2 ufetubi
  6 oozes
  An adder zombie (Ossuary)
  3 worms
  A dart slug (D:1)
  5 leopard geckos
  99 orcs
  2 ball pythons
  3 giant cockroaches
  13 goblins
  11 hobgoblins
  17 jackals
  5 quokkas
  9 bats
  8 frilled lizards
  7 hobgoblin zombies (Ossuary)
  13 kobolds
  13 kobold zombies (Ossuary)
  2 leopard gecko skeletons (D:4)
  A leopard gecko zombie (D:5)
  8 orc zombies (Ossuary)
  A quokka zombie (D:5)
  9 rats
  A rat zombie (Ossuary)
  22 briar patches (Swamp:3)
  A fire vortex (D:15)
  9 starspawn tentacles (WizLab)
2266 creatures vanquished.

Vanquished Creatures (collateral kills)
  A vault guard (Vaults:4)
1 creature vanquished.

Vanquished Creatures (others)
  A purple draconian (Zot:2)
  A goliath frog (Swamp:4)
  A scorpion (shapeshifter) (Depths:3)
  An orc (D:10)
  5 briar patches
  2 demonic plants (WizLab)
  8 foxfires
  15 fungi
  A lurking horror (Swamp:2)
  46 plants
  25 starspawn tentacles
106 creatures vanquished.

Grand Total: 2373 creatures vanquished

Notes
Turn   | Place    | Note
-------+----------+-------------------------------------------
     0 | D:1      | juan097 the Demigod Brigand began the quest for the Orb.
     0 | D:1      | Reached XP level 1. HP: 17/17 MP: 3/3
   376 | D:1      | Reached XP level 2. HP: 24/24 MP: 4/4
   790 | D:1      | Reached XP level 3. HP: 27/29 MP: 5/5
  1625 | D:2      | Noticed Terence
  1703 | D:2      | Reached skill level 1 in Shields
  1852 | D:2      | Found a broken altar of Ashenzari.
  1999 | D:2      | Reached XP level 4. HP: 29/36 MP: 6/6
  2266 | D:3      | You fall into a shaft and drop 1 floor!
  2338 | D:3      | Found a broken altar of Ashenzari.
  3001 | D:3      | Found a basalt altar of Yredelemnul.
  3369 | D:4      | Reached XP level 5. HP: 41/41 MP: 7/7
  3578 | D:4      | Found a burning altar of Makhleb.
  3648 | D:4      | Found a stormy altar of Qazlal.
  4070 | D:4      | Found the +7 pair of quick blades "Gyre" and "Gimble"
                  | {protect}
  4149 | D:5      | Entered Level 5 of the Dungeon
  4352 | D:5      | Found a sand-covered staircase.
  4358 | Ossuary  | Entered an ossuary
  4530 | Ossuary  | Reached XP level 6. HP: 48/48 MP: 8/8
  4539 | Ossuary  | Reached skill level 5 in Short Blades
  4796 | Ossuary  | Reached XP level 7. HP: 53/53 MP: 9/9
  5178 | D:5      | Noticed Blork the orc
  5897 | D:6      | Reached skill level 1 in Dodging
  5973 | D:6      | Reached skill level 2 in Fighting
  6362 | D:7      | Reached XP level 8. HP: 62/62 MP: 10/10
  6540 | D:7      | Reached skill level 3 in Fighting
  6678 | D:7      | Found a staircase to the Ecumenical Temple.
  6735 | D:7      | Noticed Menkaure
  6741 | D:7      | Killed Menkaure
  6742 | D:7      | Reached skill level 5 in Stealth
  6744 | D:7      | Noticed Joseph
  6754 | D:7      | Killed Joseph
  6755 | D:7      | Reached skill level 4 in Fighting
  7065 | D:7      | Found an iron altar of Okawaru.
  7135 | D:7      | Found a stormy altar of Qazlal.
  7828 | D:5      | Killed Blork the orc
  7829 | D:5      | Reached XP level 9. HP: 72/72 MP: 11/11
  8172 | D:2      | Killed Terence
  8404 | D:8      | Identified a scroll of acquirement
  8405 | D:8      | Acquired a +2 longbow of flaming
  9013 | D:8      | Reached skill level 5 in Fighting
  9013 | D:8      | Reached skill level 1 in Bows
  9022 | D:8      | Reached skill level 1 in Armour
  9322 | D:8      | Noticed a komodo dragon
  9337 | D:8      | Killed a komodo dragon
  9338 | D:8      | Reached skill level 6 in Fighting
  9338 | D:8      | Reached skill level 5 in Dodging
  9895 | D:8      | Found a glowing golden altar of the Shining One.
  9895 | D:8      | Found a glowing silver altar of Zin.
  9895 | D:8      | Found a white marble altar of Elyvilon.
 10083 | D:8      | Found a sacrificial altar of Ru.
 10633 | D:9      | Found a bloodstained altar of Trog.
 10733 | D:9      | Learned a level 2 spell: Swiftness
 10770 | D:9      | Reached XP level 10. HP: 70/83 MP: 10/13
 10778 | D:9      | Reached skill level 1 in Air Magic
 10787 | D:9      | Reached skill level 5 in Bows
 11224 | D:9      | Noticed a wizard
 11224 | D:9      | Noticed a red ugly thing
 11364 | D:9      | Identified a faintly glowing hand axe
 11607 | D:10     | Entered Level 10 of the Dungeon
 11869 | D:10     | Found a staircase to the Lair.
 11871 | D:10     | Noticed an elephant
 11941 | D:10     | Reached skill level 5 in Air Magic
 11950 | D:10     | Killed an unseen horror
 12032 | D:10     | Found a staircase to the Orcish Mines.
 12306 | D:10     | Killed an elephant
 12611 | D:9      | Killed a wizard
 12612 | D:9      | Reached XP level 11. HP: 89/89 MP: 14/14
 12878 | Lair:1   | Entered Level 1 of the Lair of Beasts
 13140 | Lair:1   | Reached skill level 10 in Bows
 13309 | Lair:1   | Found a stormy altar of Qazlal.
 13757 | Lair:2   | Identified a bloodstained cloak
 13777 | Lair:2   | Noticed a catoblepas
 13788 | Lair:2   | Killed a catoblepas
 13850 | Lair:2   | Noticed a bog body
 13853 | Lair:2   | Killed a bog body
 13854 | Lair:2   | Found a staircase to the Swamp.
 14188 | Lair:2   | Noticed a five-headed hydra
 14192 | Lair:2   | Killed a five-headed hydra
 14478 | Lair:3   | Reached XP level 12. HP: 97/97 MP: 15/15
 14517 | Lair:3   | Found a staircase to the Snake Pit.
 14863 | Lair:3   | Identified a sheer robe
 15649 | Lair:4   | Reached skill level 7 in Fighting
 15767 | Lair:4   | Found a runed translucent gate.
 15808 | Lair:4   | Noticed Aqorghia's ghost (novice DDWr)
 15879 | Lair:4   | Reached skill level 1 in Evocations
 16053 | Lair:4   | Noticed Rupert
 16083 | Lair:4   | Killed Rupert
 16477 | Lair:4   | Identified Kikubaaqudgha's Disquisition on Sinister Rituals
 16578 | Lair:4   | Found a runed translucent gate.
 16578 | Lair:4   | Found a runed translucent gate.
 16733 | Lair:4   | Killed Aqorghia's ghost
 17003 | Lair:5   | Noticed a four-headed hydra
 17007 | Lair:5   | Noticed a seven-headed hydra
 17008 | Lair:5   | Killed a four-headed hydra
 17009 | Lair:5   | Reached skill level 8 in Fighting
 17014 | Lair:5   | Killed a seven-headed hydra
 17153 | Lair:5   | Found a staircase to the Slime Pits.
 17483 | Lair:5   | Noticed a five-headed hydra
 17491 | Lair:5   | Killed a five-headed hydra
 17807 | Lair:6   | Entered Level 6 of the Lair of Beasts
 17807 | Lair:6   | Noticed a six-headed hydra
 17809 | Lair:6   | Killed a six-headed hydra
 17819 | Lair:6   | Noticed a six-headed hydra
 17827 | Lair:6   | Killed a six-headed hydra
 17856 | Lair:6   | Reached XP level 13. HP: 108/108 MP: 16/16
 18112 | Lair:6   | Reached skill level 9 in Fighting
 18141 | Lair:6   | Reached skill level 5 in Throwing
 18185 | Lair:6   | Acquired 987 gold pieces
 19159 | Lair:6   | Identified an ichor-stained shortbow
 19518 | Lair:6   | Found a large runed translucent door.
 19552 | Lair:6   | Reached skill level 10 in Fighting
 19611 | Lair:6   | Reached skill level 5 in Evocations
 19986 | Lair:6   | Found a large runed translucent door.
 20389 | Orc:1    | Entered Level 1 of the Orcish Mines
 20389 | Orc:1    | Noticed Jorgrun
 20766 | D:11     | You fall into a shaft and drop 1 floor!
 20983 | D:11     | Found a stormy altar of Qazlal.
 21259 | D:11     | Reached XP level 14. HP: 121/121 MP: 17/17
 21352 | D:11     | Noticed Erica
 21388 | D:11     | Killed Erica
 21997 | D:12     | Learned a level 1 spell: Apportation
 22453 | Orc:1    | Noticed Nergalle
 22480 | D:10     | Killed Jorgrun
 22481 | D:10     | Reached skill level 5 in Armour
 22481 | D:10     | Reached skill level 1 in Translocations
 22660 | Orc:1    | Killed Nergalle
 22737 | Orc:2    | Entered Level 2 of the Orcish Mines
 22836 | Orc:2    | Found a staircase to the Elven Halls.
 23245 | Orc:2    | Found Ufielike's Magic Scroll Boutique.
 23330 | Orc:2    | Found Capawk Fopyu's General Store.
 24960 | Orc:2    | Found Eqinishro's Antique Weapon Emporium.
 24960 | Orc:2    | Found Kuomal's Book Shoppe.
 24961 | Orc:2    | Found a one-way gate leading to the halls of Pandemonium.
 25294 | Orc:2    | Bought a scroll of enchant weapon for 112 gold pieces
 25294 | Orc:2    | Bought a scroll of enchant armour for 112 gold pieces
 25296 | Orc:2    | Bought a scroll of identify for 30 gold pieces
 25296 | Orc:2    | Bought a scroll of identify for 30 gold pieces
 25621 | D:13     | Found a transporter.
 25624 | D:13     | Noticed Azrael
 25678 | D:13     | Killed Azrael
 25679 | D:13     | Reached skill level 11 in Fighting
 25682 | D:13     | Reached XP level 15. HP: 92/129 MP: 8/18
 25694 | D:13     | Found a transporter.
 27218 | D:14     | Found a gate to the Vaults.
 27250 | D:14     | Noticed Josephine
 27255 | D:14     | Killed Josephine
 27256 | D:14     | Reached skill level 15 in Bows
 27483 | D:14     | Learned a level 2 spell: Blink
 28232 | D:15     | Entered Level 15 of the Dungeon
 28259 | D:15     | Found Faedwuckell's Weapon Boutique.
 28736 | D:15     | Found a staircase to the Depths.
 28756 | D:15     | Reached skill level 12 in Fighting
 29282 | D:15     | Noticed a tengu reaver
 29312 | D:15     | Killed a tengu reaver
 29587 | Swamp:1  | Entered Level 1 of the Swamp
 29900 | Swamp:1  | Found a runed translucent gate.
 29900 | Swamp:1  | Found a runed translucent gate.
 29903 | Swamp:1  | Found a runed translucent gate.
 29940 | Swamp:1  | Noticed garrulousMonolith's ghost (journeyman DsFi)
 30244 | Swamp:1  | Acquired the +3 ice dragon scales of Lightning Storm {rElec
                  | rF- rC++ Str+4}
 30671 | Swamp:2  | Found a transporter.
 30680 | Swamp:2  | Identified the +1 lajatang of Okawaru's Pride {distort, rC+
                  | Will+}
 30680 | Swamp:2  | Noticed a tentacled starspawn
 30775 | Swamp:2  | Found a transporter.
 30777 | Swamp:2  | Noticed a thorn hunter
 30779 | Swamp:2  | Noticed a tentacled monstrosity
 30782 | Swamp:2  | Noticed a fenstrider witch
 30783 | Swamp:2  | Noticed a thorn hunter
 30879 | Swamp:2  | Noticed a tentacled starspawn
 31191 | Swamp:2  | Found a one-way gate to the infinite horrors of the Abyss.
 31191 | Swamp:2  | Noticed Buem's ghost (adept OgAM)
 31193 | Swamp:2  | Noticed a hellephant
 31229 | Swamp:2  | Found a transporter.
 31356 | Swamp:2  | Found a transporter.
 31686 | Swamp:3  | Identified a shimmering falchion
 32260 | Swamp:3  | Noticed a fenstrider witch
 32341 | Swamp:3  | Noticed a fenstrider witch
 32341 | Swamp:3  | Paralysed by a fenstrider witch for 6 turns
 32361 | Swamp:3  | Killed a fenstrider witch
 32362 | Swamp:3  | Reached XP level 16. HP: 116/139 MP: 15/19
 32468 | Swamp:3  | Found a transporter.
 32639 | Swamp:3  | Found an ancient bone altar of Kikubaaqudgha.
 32689 | Swamp:3  | Acquired 991 gold pieces
 32714 | Swamp:3  | Found a transporter.
 33268 | Swamp:3  | Reached skill level 10 in Armour
 33345 | Swamp:4  | Entered Level 4 of the Swamp
 33719 | Swamp:4  | Noticed the 27-headed Lernaean hydra
 33840 | Swamp:4  | Paralysed by a fenstrider witch for 4 turns
 34442 | Swamp:4  | Killed the 27-headed Lernaean hydra
 34707 | Swamp:4  | Got a decaying rune of Zot
 35210 | Snake:1  | Entered Level 1 of the Snake Pit
 35359 | Vaults:1 | Entered Level 1 of the Vaults
 36461 | Vaults:1 | Reached skill level 13 in Fighting
 36889 | Vaults:1 | Upgraded the game from 0.27-a0-416-gca2cecf3c0 to
                  | 0.27-a0-417-g317cea8a3c
 36929 | Vaults:1 | Found a runed translucent gate.
 36929 | Vaults:1 | Found a runed translucent gate.
 36930 | Vaults:1 | Found a runed translucent gate.
 36930 | Vaults:1 | Noticed agentgt's ghost (veteran KoAK)
 36949 | Vaults:1 | Identified the +2 plate armour "Paham" {Will+}
 37199 | Vaults:1 | Reached XP level 17. HP: 149/149 MP: 20/20
 37213 | Vaults:1 | Reached skill level 5 in Translocations
 37464 | Vaults:1 | Killed agentgt's ghost
 37536 | Vaults:1 | Found a roughly hewn altar of Beogh.
 37898 | Vaults:1 | Identified an ichor-stained cloak
 38291 | Swamp:1  | Killed garrulousMonolith's ghost
 39658 | Snake:1  | Found a hide-covered altar of Uskayaw.
 39745 | Snake:1  | Found Yliddygh's General Store.
 39750 | Snake:1  | Found Amyamot's Book Shop.
 39752 | Snake:1  | Found Tiom Vukh's Antique Weapon Boutique.
 39755 | Snake:1  | Bought a potion of curing for 45 gold pieces
 39759 | Snake:1  | Upgraded the game from 0.27-a0-417-g317cea8a3c to
                  | 0.27-a0-423-gf312af23e9
 39761 | Snake:1  | Bought a book of the Warp for 1620 gold pieces
 39765 | Snake:1  | Learned a level 3 spell: Gell's Gravitas
 39770 | Snake:1  | Learned a level 4 spell: Passage of Golubria
 39774 | Snake:1  | Learned a level 3 spell: Portal Projectile
 39934 | Snake:1  | Reached skill level 1 in Hexes
 39952 | Snake:1  | Reached skill level 1 in Spellcasting
 40679 | Snake:2  | Found Vufump's Jewellery Shoppe.
 40681 | Snake:2  | Found Boficaag's Book Boutique.
 40696 | Snake:2  | Found Quran's Jewellery Shoppe.
 40716 | Snake:2  | Bought a ring of protection from fire for 475 gold pieces
 40716 | Snake:2  | Bought a ring of willpower for 475 gold pieces
 40956 | Snake:2  | Noticed Aizul
 41104 | Snake:2  | Reached skill level 10 in Translocations
 41326 | Snake:2  | Noticed Saint Roka
 41342 | Snake:2  | Killed Saint Roka
 41969 | Snake:2  | Killed Aizul
 42137 | Snake:3  | Reached XP level 18. HP: 146/157 MP: 27/27
 42173 | Snake:3  | Found Finlut's Assorted Antiques.
 42173 | Snake:3  | Found Pavapn's General Store.
 42192 | Snake:3  | Bought a shimmering helmet for 266 gold pieces
 42192 | Snake:3  | Identified the +1 helmet of Indecent Exposure {rPois Str+4
                  | Dex-3} (You bought it in a shop on level 3 of the Snake
                  | Pit)
 42458 | Snake:3  | Found a transporter.
 42502 | Snake:3  | Noticed littlecub's ghost (journeyman DsGl)
 42540 | Snake:3  | Found a transporter.
 43490 | Swamp:2  | Killed Buem's ghost
 43838 | Swamp:2  | Killed a hellephant
 45025 | Swamp:3  | Identified the +2 pair of gloves of Cenuoh Geroe {-Tele
                  | Str+4}
 45027 | Swamp:3  | Identified the ring of Viruqinuph {+Blink rElec rF+ Will-
                  | Int+10}
 45091 | Swamp:2  | Identified the +2 pair of boots "Weecseagy" {rC+}
 45778 | Snake:4  | Entered Level 4 of the Snake Pit
 46196 | Snake:4  | Found a shimmering blue altar of Sif Muna.
 47042 | Snake:4  | Reached skill level 14 in Fighting
 48112 | Snake:4  | Got a serpentine rune of Zot
 49340 | Snake:3  | Killed littlecub's ghost
 49341 | Snake:3  | Reached XP level 19. HP: 157/167 MP: 29/29
 49343 | Snake:3  | Identified the +0 hat of Duty {Str+5 Dex-4}
 49348 | Snake:3  | Identified the Catalogue of the Cankerous Birds
 49669 | Vaults:2 | Found Efupue's Antique Weapon Shop.
 49684 | Vaults:2 | Found a ruined gateway.
 49695 | Desolati | Entered the Desolation of Salt
 49770 | Desolati | Identified the ring of Tempters {rN+ Will+ Str+6 Int-3}
 49790 | Desolati | Identified the +5 war axe of Transparent Valour {protect,
                  | rPois Will- Str+2 Stlth+}
 50146 | Desolati | Identified the ring "Bixi" {rN++ AC+4 Str+7 Slay+3}
 50619 | Desolati | Reached skill level 10 in Dodging
 50719 | Desolati | Identified the Tome of Toxins and Feathers
 50723 | Desolati | Identified the +5 bardiche "Nurozuyf" {vorpal, rPois Int+3
                  | Stlth-}
 51747 | Vaults:2 | Noticed Donald
 51764 | Vaults:2 | Killed Donald
 52130 | Vaults:2 | Noticed Mennas
 52412 | Vaults:3 | Identified the +10 plate armour of the Tables {Stlth+}
 52544 | Vaults:3 | Reached skill level 15 in Fighting
 53445 | Vaults:3 | Reached XP level 20. HP: 178/178 MP: 30/30
 53511 | Vaults:3 | Noticed a bone dragon
 53521 | Vaults:3 | Killed a bone dragon
 53543 | Vaults:3 | Found a staircase to the Crypt.
 54597 | Vaults:4 | Found Imoinaz's Weapon Boutique.
 55020 | Vaults:4 | Reached skill level 16 in Fighting
 55160 | Vaults:4 | Acquired the +12 crystal plate armour of Freedom {Str+6}
 55702 | Vaults:4 | Paralysed by a sphinx for 5 turns
 56770 | Snake:2  | Bought a ring of protection from cold for 350 gold pieces
 57351 | Depths:1 | Entered Level 1 of the Depths
 57863 | Depths:1 | Found a gateway to Hell.
 58081 | Depths:1 | Noticed Louise
 58097 | Depths:1 | Killed Louise
 58419 | Depths:1 | Reached skill level 1 in Long Blades
 58574 | Depths:1 | Reached skill level 5 in Hexes
 59010 | Depths:2 | Reached XP level 21. HP: 188/188 MP: 31/31
 59043 | Depths:2 | Found a magical portal.
 59063 | WizLab   | Entered Lehudib's Moon Base
 59135 | WizLab   | Found a transporter.
 59136 | WizLab   | Found the +2 ratskin cloak {*Rats rPois rN+ Str-1 Int-1
                  | Dex+1}
 59854 | WizLab   | Reached skill level 5 in Long Blades
 59882 | WizLab   | Gained mutation: You are clumsy. (Dex -2) [a neqoxec]
 60061 | WizLab   | Found a transporter.
 60383 | Depths:2 | Upgraded the game from 0.27-a0-423-gf312af23e9 to
                  | 0.27-a0-448-gace5c5693b
 60452 | Depths:2 | Found Puhappus's Armour Shoppe.
 60491 | Depths:2 | Found a gateway to a bazaar.
 60496 | Bazaar   | Entered a bazaar
 60510 | Bazaar   | Found Afiwacol's Assorted Antiques.
 60510 | Bazaar   | Found Focrusuy's Book Emporium.
 60531 | Bazaar   | Found Zabbubag's Antique Armour Shoppe.
 60547 | Bazaar   | Found Axzib's Jewellery Shoppe.
 60547 | Bazaar   | Found Moamoom's Weapon Emporium.
 60620 | Bazaar   | Bought a scroll of teleportation for 90 gold pieces
 60620 | Bazaar   | Bought a scroll of fog for 60 gold pieces
 60665 | Depths:2 | Found Catuimiu's Assorted Antiques.
 60727 | Depths:2 | Bought a potion of might for 176 gold pieces
 60727 | Depths:2 | Bought a potion of heal wounds for 220 gold pieces
 60729 | Depths:2 | Found Wyvuxkiw's Assorted Antiques.
 60739 | Depths:2 | Found Udezxig's Armour Shoppe.
 60751 | Depths:2 | Bought a jade ring for 145 gold pieces
 60813 | Depths:2 | Noticed a caustic shrike
 60820 | Depths:2 | Killed a caustic shrike
 61097 | Depths:2 | Found a gateway to a ziggurat.
 62211 | Depths:3 | Paralysed by a floating eye for 4 turns
 62574 | Depths:3 | Found a glowing golden altar of the Shining One.
 62711 | Depths:3 | Reached XP level 22. HP: 195/195 MP: 32/32
 63141 | Depths:4 | Paralysed by you for 2 turns
 63339 | Depths:4 | Identified the +7 hand crossbow of Jium Cac {speed, Dex+4
                  | Stlth+}
 63670 | Depths:5 | Entered Level 5 of the Depths
 63671 | Depths:5 | Found a runed translucent door.
 63831 | Depths:5 | Acquired 685 gold pieces
 63857 | Depths:5 | Noticed a juggernaut
 63871 | Depths:5 | Killed a juggernaut
 64126 | Depths:5 | Noticed Lidodu's ghost (adept DDFi)
 64126 | Depths:5 | Noticed a dread lich
 64165 | Depths:5 | Identified the amulet of Fiblidul {RegenMP rPois Will++
                  | Int+4}
 64375 | Depths:5 | Found a runed translucent door.
 65170 | Depths:5 | Reached skill level 10 in Long Blades
 65249 | Depths:5 | Found a gate to the Realm of Zot.
 65353 | Depths:5 | Killed a dread lich
 65539 | Depths:5 | Killed Lidodu's ghost
 65590 | Depths:5 | Reached skill level 10 in Stealth
 66029 | Vaults:5 | Entered Level 5 of the Vaults
 66250 | Vaults:4 | Reached skill level 10 in Throwing
 66911 | Vaults:4 | Reached skill level 17 in Fighting
 67347 | Vaults:5 | Noticed an ancient lich
 67372 | Vaults:5 | Reached XP level 23. HP: 198/206 MP: 31/33
 67690 | Vaults:5 | Reached skill level 18 in Fighting
 68540 | Vaults:5 | Killed an ancient lich
 68843 | Vaults:5 | Got a silver rune of Zot
 69583 | Zot:1    | Entered Level 1 of the Realm of Zot
 69914 | Zot:1    | Noticed an orb of fire
 70031 | Depths:5 | Gained mutation: Your spells are a little easier to cast,
                  | but a little less powerful. [an orb of fire]
 70037 | Depths:5 | Killed an orb of fire
 70038 | Depths:5 | Reached skill level 15 in Long Blades
 70550 | Zot:1    | Reached skill level 15 in Armour
 70674 | Zot:1    | Reached XP level 24. HP: 204/217 MP: 33/33
 71128 | Zot:1    | Noticed an ancient lich
 71132 | Zot:1    | Killed an ancient lich
 71365 | Zot:1    | Upgraded the game from 0.27-a0-448-gace5c5693b to
                  | 0.27-a0-463-gec7707c53d
 71805 | Zot:2    | Reached skill level 19 in Fighting
 72816 | Zot:1    | Reached skill level 20 in Fighting
 74240 | Zot:3    | Reached XP level 25. HP: 176/233 MP: 33/33
 75049 | Zot:4    | Reached skill level 21 in Fighting
 75672 | Zot:5    | Entered Level 5 of the Realm of Zot
 76898 | Zot:5    | Found a runed translucent gate.
 76899 | Zot:5    | Found a runed translucent gate.
 76900 | Zot:5    | Found a runed translucent gate.
 76901 | Zot:5    | Noticed Deosheoh's ghost (master PaBe)
 76901 | Zot:5    | Noticed ardl's ghost (legendary PaTm)
 76902 | Zot:5    | Noticed Rir Ukk's ghost (legendary HOMo)
 77635 | Zot:5    | Noticed a dread lich
 77641 | Zot:5    | Killed a dread lich
 77642 | Zot:5    | Reached skill level 22 in Fighting
 77861 | Zot:5    | Noticed an orb of fire
 77863 | Zot:5    | Noticed an orb of fire
 77864 | Zot:5    | Gained mutation: Scrolls take you a little longer to read.
                  | [an orb of fire]
 77866 | Zot:5    | Gained mutation: You are weak. (Str -2) [an orb of fire]
 77877 | Zot:5    | Noticed an orb of fire
 77881 | Zot:5    | Gained mutation: Scrolls take you longer to read. [an orb
                  | of fire]
 77890 | Zot:5    | Gained mutation: You are dopey. (Int -2) [an orb of fire]
 77892 | Zot:5    | Noticed an orb of fire
 77899 | Zot:5    | Noticed an orb of fire
 77900 | Zot:5    | Gained mutation: You do not regenerate when monsters are
                  | visible. [an orb of fire]
 77901 | Zot:5    | Noticed an orb of fire
 77901 | Zot:5    | Noticed an orb of fire
 77905 | Zot:5    | Gained mutation: Armour fits poorly on your strangely
                  | shaped body. [an orb of fire]
 77912 | Zot:5    | Noticed a dread lich
 77913 | Zot:5    | Gained mutation: You are very clumsy. (Dex -4) [an orb of
                  | fire]
 77913 | Zot:5    | HP: 3/238 [storm dragon/bolt of lightning (13)]
 77914 | Zot:5    | Slain by an Orb Guardian

Illustrated notes

Levels and vault maps discovered:
D:1:      lightli_arrival_windingriver, layout_basic, minmay_unequal
D:2:      layout_rooms, lemuel_round_altar, uniq_terence
D:3:      layout_basic, marbit_many_paths, cheibrodos_ashenzari_chains
D:4:      minmay_chambers_of_threes, layout_cave_pools,
          nicolae_overflow_hidden_temple, makhleb_blood_cavern_becter,
          minmay_misc_feat_nine_boxes
D:5:      layout_layer_cave, nicolae_ossuary_entry_plus,
          hangedman_decor_riveting, uniq_blork_the_orc
D:6:      layout_basic
D:7:      layout_rooms, okawaru_altar_gauntlet_db, minmay_temple_entry_ruins,
          basic_altar, uniq_menkaure, uniq_joseph
D:8:      layout_basic, good_gods_mini_temple,
          nicolae_ru_great_annihilating_truth
D:9:      minmay_the_grid_triangle_9x9_rhombus_thin
          [minmay_the_grid_triangle_9x9_from_above,
          minmay_the_grid_triangle_9x9_prize_insulated,
          minmay_the_grid_triangle_9x9_empty,
          minmay_the_grid_triangle_9x9_checkered], layout_irregular_city,
          trog_ov_bears_minmay, evilmike_butchery
D:10:     layout_roguey, david_lair_generic, david_orc_2
D:11:     layout_irregular_city, grunt_qazlal_clouds, uniq_erica
D:12:     kennysheep_blocky_room, layout_basic
D:13:     gammafunk_boulding_lane, layout_loops_ring, eino_jars, uniq_azrael
D:14:     layout_loops_corners, david_vaults_2, uniq_josephine
D:15:     grunt_enter_depths_snipers, layout_small_grid, nicolae_lava_and_water,
          minmay_misc_feat_secret_circle, roderic_lattice_a,
          minmay_shop_grid_forest, minmay_misc_feat_hallway,
          chequers_decorated_corner, minmay_three_doors
Lair:1:   layout_chaotic_city, basic_altar, infiniplex_staircase_pool_2
Lair:2:   layout_cave_shapes, skrybe_swamp_entry_bodies, minivault_24,
          serial_bayou_shore_a, grunt_megastairs_4, lemuel_fruit_tree
Lair:3:   layout_cave_pods, minmay_snake_entry_guardpost_small, minmay_holes
Lair:4:   layout_regular_city, gammafunk_ghost_icy, grunt_megastairs_5,
          uniq_rupert
Lair:5:   layout_roguey, nicolae_slime_entry_slimehenge, serial_rivers,
          chequers_serial_rivers_large_a, chequers_serial_rivers_room_b,
          chequers_serial_rivers_micro_c, chequers_serial_rivers_small_a,
          chequers_serial_rivers_small_b
Lair:6:   cheibrodos_lair_end_hotspot, layout_cave_pods, serial_forest,
          infiniplex_forest_lined_corner, infiniplex_forest_straight_2,
          infiniplex_forest_clump_long, infiniplex_forest_clump_tiny,
          infiniplex_forest_lined_4_way, infiniplex_forest_straight_3,
          infiniplex_forest_side_room, infiniplex_forest_lined_room_2,
          serial_bayou_shore_b
Swamp:1:  layout_basic_swamp, gammafunk_ghost_necromancy,
          evilmike_swamp_ruin_rubble_2
Swamp:2:  gammafunk_sealed_arena, layout_basic_swamp,
          gammafunk_ghost_abyssal_escape, nicolae_swamp_triple_paths,
          infiniplex_staircase_pool
Swamp:3:  gammafunk_worm_tunnel, layout_basic_swamp, hangedman_swamp_cone,
          swamp_pool1, grunt_ruined_hall
Swamp:4:  swamp_old_school, layout_basic_swamp, swamp_pool1,
          statue_in_the_mist_lemuel
Snake:1:  layout_misc_corridors, basic_altar, guppyfry_snake_island,
          minmay_shop_star
Snake:2:  layout_misc_corridors, minmay_shop_grove, uniq_saint_roka, uniq_aizul
Snake:3:  layout_misc_corridors, gammafunk_ghost_berserking_beasts,
          minmay_shoptagon
Snake:4:  snake_pit_salamanders_mu, layout_cave_town, basic_altar
Orc:1:    layout_diamond_mine, nicolae_orc_bridge_out, uniq_nergalle,
          uniq_jorgrun
Orc:2:    pf_orc_diabolical, layout_diamond_mine
Vaults:1: biasface_vaults_ghost_orc_armoury, vaults_room_door_hall,
          nicolae_vaults_alarming, hangedman_vaults_impose,
          vaults_room_door_hall, vaults_room_stairs_pillars,
          nicolae_vaults_little_squares_1, grunt_vaults_hallway_short,
          hangedman_vaults_trim, layout_vaults_chaotic_city
Vaults:2: vaults_dpeg_ring, nicolae_vaults_arrows, hangedman_vaults_capsules,
          hangedman_vaults_corner_blocks, nicolae_vaults_network_star,
          v_misc_33, nicolae_vaults_mini_display_case, layout_vaults_omnigrid,
          serial_shops, shop, portal_desolation_entry_garden, uniq_mennas,
          uniq_donald
Vaults:3: nicolae_vaults_sealed_display, hangedman_vaults_corner,
          minmay_crypt_entry_nasty_monster, nicolae_vaults_twisting_passages,
          grunt_vaults_twisty, st_squares, vaults_room_pool,
          vaults_room_door_hall, nicolae_vaults_little_squares_2,
          vaults_room_semicircle, hangedman_vaults_corner_blocks,
          hangedman_vaults_stretched_pinwheel, layout_vaults_ring
Vaults:4: st_greater_box_1, nicolae_vaults_theta,
          nicolae_vaults_stairing_the_circle, ontoclasm_vaults_tryst,
          nicolae_vaults_network_square, nicolae_vaults_circle_grid_a,
          v_misc_22, v_misc_2, v_misc_17, nicolae_vaults_little_squares_2,
          serial_ice_h, ontoclasm_vaults_decontamination,
          layout_vaults_omnicross, serial_shops, nicolae_shop_stone
Vaults:5: serial_shops
Depths:1: layout_gridlike, nicolae_abyss_entry_one_way_or_another,
          grunt_pan_entry_zigzag, hangedman_decor_lopped, grunt_mini_vestibule,
          fake_guardian_serpent_vault
Depths:2: minmay_containers, layout_cave_shapes, enter_ziggurat_e, serial_shops,
          statue_bzr, nicolae_shop_overgrown_old_shop, shop,
          nicolae_shop_crystal, shop, pf_coc_iceberg, mu_enter_wizlab_5,
          infiniplex_staircase_pillars_3a
Depths:3: abrahamwl_protected_by_tso_2, layout_gridville, pan_entry, hell_entry,
          chequers_serial_rivers_room_a, nrook_loot_triangle
Depths:4: gammafunk_mikee_crab_dinner, layout_cave_pools, pan_entry, hell_entry,
          abyss_entry
Depths:5: grunt_zot_entry_hairpin, layout_cave_shapes,
          muffindrake_ghost_dual_entry, minmay_misc_feat_roman, hell_entry,
          pan_entry
Zot:1:    hangedman_zot_vaults_quadrants, layout_concentric_octagons,
          grunt_ministairs_8, nicolae_transmutations_shop,
          amethyst_zot_foddershock
Zot:2:    layout_cellular_growth
Zot:3:    layout_misc_corridors, st_stairs_3
Zot:4:    layout_cellular_growth, hangedman_hellfire_club
Zot:5:    layout_basic, gammafunk_ghost_cemetery

Skill      XL: |  1  2  3  4  5  6  7  8  9 10 11 12 13 14 15 16 17 18 19 20 21 22 23 24 25 |
---------------+----------------------------------------------------------------------------+-----
Short Blades   | 2 3 4 6 8 |  8.0
Shields        | 1 2 3 |  3.1
Dodging        | 1 4 6 7 8 9 10 11 | 11.7
Fighting       | 2 4 6 8 10 11 12 13 14 15 16 17 18 20 22 | 22.0
Stealth        | 4 5 6 8 10 | 10.0
Bows           | 4 8 12 13 14 16 18 20 | 20.0
Armour         | 2 4 6 8 11 12 13 14 15 16 18 | 18.0
Air Magic      | 5 6 7 |  7.1
Throwing       | 2 4 6 8 10 | 10.0
Evocations     | 3 6 7 8 |  8.0
Translocations | 4 11 12 14 | 14.0
Hexes          | 4 5 8 |  8.0
Spellcasting   | 3 4 |  4.0
Long Blades    | 2 9 11 15 | 15.3

Action                   |  1- 3 |  4- 6 |  7- 9 | 10-12 | 13-15 | 16-18 | 19-21 | 22-24 | 25-27 || total
-------------------------+-------+-------+-------+-------+-------+-------+-------+-------+-------++-------
Melee: Dagger            |   164 |    92 |       |       |       |       |       |       |       ||   256
       Pair of quick bla |       |    85 |   219 |   362 |  1007 |   789 |   124 |    82 |    45 ||  2713
       Longbow           |       |       |       |       |       |     1 |       |       |       ||     1
       Double sword      |       |       |       |       |       |       |       |   130 |     2 ||   132
 Fire: Hunting sling     |    13 |    80 |    42 |       |       |       |       |       |       ||   135
       Longbow           |       |       |    38 |   260 |   503 |  1260 |  1454 |  1449 |   384 ||  5348
       Shortbow          |       |       |       |       |    41 |       |       |       |       ||    41
Throw: Dart              |    13 |    18 |    41 |     7 |     9 |     4 |     7 |     2 |       ||   101
       Throwing net      |       |       |       |     1 |     1 |     2 |       |       |       ||     4
 Cast: Blink             |       |       |       |       |       |    23 |     5 |    16 |     8 ||    52
       Swiftness         |       |       |       |       |       |     1 |       |       |     1 ||     2
       Passage of Golubr |       |       |       |       |       |     7 |    17 |    17 |     4 ||    45
       Apportation       |       |       |       |       |       |     7 |       |       |       ||     7
       Portal Projectile |       |       |       |       |       |       |       |     3 |     1 ||     4
Evoke: Wand              |       |       |     4 |     5 |    13 |     1 |     2 |     3 |     1 ||    29
       Phial of floods   |       |       |       |       |     2 |       |       |       |       ||     2
       Lightning rod     |       |       |       |       |       |     4 |       |       |       ||     4
       Condenser vane    |       |       |       |       |       |     1 |     1 |     4 |     1 ||     7
  Use: Scroll            |       |     5 |    11 |    15 |    17 |     8 |     6 |     3 |     5 ||    70
       Potion            |       |       |       |     1 |     5 |     9 |     1 |     4 |    12 ||    32
 Stab: Sleeping          |     7 |     5 |     6 |     9 |    16 |     3 |     6 |       |       ||    52
       Distracted        |       |     1 |       |       |       |       |       |       |       ||     1
       Paralysed         |       |       |     1 |       |       |       |       |       |       ||     1
       Held in net/web   |       |       |       |       |       |     3 |       |       |       ||     3
       Confused          |       |       |       |       |       |     2 |       |       |       ||     2
       Invisible         |       |       |       |       |       |       |     3 |       |       ||     3
       Petrifying        |       |       |       |       |       |       |       |     1 |       ||     1
Armor: Robe              |    52 |     4 |       |       |       |       |       |       |       ||    56
       Leather armour    |       |    31 |    26 |    12 |       |       |       |       |       ||    69
       Steam dragon scal |       |       |       |    17 |   140 |       |       |       |       ||   157
       Ice dragon scales |       |       |       |       |    27 |   393 |    59 |       |       ||   479
       Plate armour      |       |       |       |       |       |       |    37 |       |       ||    37
       Crystal plate arm |       |       |       |       |       |       |   125 |   467 |   125 ||   717
Dodge: Dodged            |    77 |    41 |    76 |   119 |   436 |   643 |   333 |   551 |   143 ||  2419
       Repelled          |       |       |       |       |       |    38 |     9 |    32 |    16 ||    95
Block: Kite shield       |    25 |    31 |       |       |       |       |       |       |       ||    56
       Rpst.: Double sword |       |       |       |       |       |       |       |    16 |       ||    16

Table legend: (Time is in decaauts)
 A = Elapsed time spent in this place.
 B = Non-inter-level travel time spent in this place.
 C = Inter-level travel time spent in this place.
 D = Time resting spent in this place.
 E = Time spent auto-exploring this place.
 F = Levels seen in this place.
 G = Mean time per level.
                   A        B        C        D        E       F      G
               +--------+--------+--------+--------+--------+-----+--------+
         Total |  75322 |  68009 |   7313 |   5509 |  45971 |  50 | 1506.4 |
       Dungeon |  18883 |  16261 |   2622 |    851 |  11407 |  15 | 1258.9 |
          Lair |   9001 |   7918 |   1083 |   1085 |   5249 |   6 | 1500.2 |
         Swamp |   8393 |   7829 |    564 |   2092 |   4210 |   4 | 2098.2 |
     Snake Pit |   6856 |   6340 |    516 |    428 |   4291 |   4 | 1714.0 |
  Orcish Mines |   2571 |   2298 |    273 |      0 |   1628 |   2 | 1285.5 |
        Vaults |  11368 |  10087 |   1281 |     83 |   7318 |   5 | 2273.6 |
        Depths |   7423 |   6787 |    636 |    109 |   5216 |   5 | 1484.6 |
           Zot |   7388 |   7051 |    337 |    857 |   4453 |   5 | 1477.6 |
        Bazaar |    167 |    167 |      0 |      0 |     63 |   1 |  167.0 |
       Ossuary |    448 |    448 |      0 |      3 |    167 |   1 |  448.0 |
        Wizlab |   1247 |   1247 |      0 |      0 |    871 |   1 | 1247.0 |
    Desolation |   1572 |   1572 |      0 |      0 |   1095 |   1 | 1572.0 |
               +--------+--------+--------+--------+--------+-----+--------+

Top non-repeatable levels by time:
Vaults:4: 3580 daAuts
 Swamp:3: 3145 daAuts
Vaults:1: 2781 daAuts
 Swamp:2: 2471 daAuts
Depths:5: 2416 daAuts
 Snake:4: 2329 daAuts
  Lair:3: 2265 daAuts
  Lair:6: 2198 daAuts
 Snake:3: 2049 daAuts
   Zot:4: 1982 daAuts
Vaults:3: 1955 daAuts
   Zot:1: 1931 daAuts
Vaults:5: 1836 daAuts
   Orc:2: 1797 daAuts
     D:1: 1636 daAuts
